AoeStats
← s1R1Us

Fortress

509846340Analyzed
4v4 RM · 5d ago on Sep 28, 2026· 62m 40s· 8 players
Game mode
Random Map
Map size
Huge
Population
200
Speed
Normal
Resources
Standard
Victory
Conquest
Starting age
Dark Age
Ending age
Imperial Age
RankedLock teamsTeams togetherTeam positionsShared explorationLock speedFull tech treeHidden civsTurbo modeCheats
Victory
Defeat
🇷🇸 Persians · Serbia
769
+9
🇺🇸 Bohemians · United States
761
+9
🇨🇳 Franks · China
703
+12
🇹🇷 Vietnamese · Türkiye
546
+17
🇮🇳 Turks · India
642
-13
🇻🇳 Vietnamese · Vietnam
638
-13
🇦🇺 Inca · Australia
629
-13
🇧🇷 Khmer · Brazil
507
-8
s1R1Us
8:09 Feudal Age
8:47 Horse Collar
8:53 Double-Bit Axe
11:06 Stone Mining
19:35 Fletching
22:44 Castle Age
22:07 Gold Mining
25:05 Gold Shaft Mining
26:11 Bow Saw
29:32 Imperial Age
29:55 Bodkin Arrow
32:50 Conscription
32:32 Artillery
33:58 Heavy Plow
35:12 Two-Man Saw
34:24 Bracer
34:24 Padded Archer Armor
35:07 Elite Janissary
36:43 Leather Archer Armor
36:57 Thumb Ring
44:52 Ring Archer Armor
47:16 Ballistics
61:39 Masonry
vanvuongnguyen614
8:48 Feudal Age
9:16 Double-Bit Axe
9:13 Horse Collar
11:35 Gold Mining
14:19 Castle Age
16:01 Bow Saw
15:54 Heavy Plow
21:11 Imperial Age
19:50 Thumb Ring
19:37 Elite Skirmisher
20:19 Fletching
20:32 Padded Archer Armor
20:27 Stone Mining
21:33 Bodkin Arrow
21:51 Imperial Skirmisher
24:59 Two-Man Saw
26:48 Crop Rotation
29:46 Chemistry
29:58 Bracer
31:23 Forging
31:16 Scale Mail Armor
31:58 Paper Money
34:14 Squires
33:34 Pikeman
34:52 Iron Casting
34:32 Chain Mail Armor
34:46 Halberdier
47:59 Plate Mail Armor
52:40 Ballistics
Brown Sugar
2:33 Loom
10:32 Feudal Age
13:02 Town Watch
13:01 Horse Collar
13:15 Stone Mining
13:31 Double-Bit Axe
16:10 Castle Age
14:27 Gold Mining
19:45 Imperial Age
17:30 Bow Saw
20:15 Heavy Plow
21:15 Conscription
21:02 Scale Mail Armor
21:13 Forging
22:23 Wheelbarrow
25:03 Iron Casting
26:24 Crop Rotation
27:36 Gold Shaft Mining
27:43 Stone Shaft Mining
27:39 Chain Mail Armor
31:02 Hand Cart
31:20 Plate Mail Armor
32:49 Blast Furnace
31:42 Fletching
34:03 Caravan
34:35 Town Patrol
35:01 Champi Runner
35:42 Squires
35:28 Arson
37:18 Guilds
37:39 Coinage
36:53 Treadmill Crane
37:26 Fortified Wall
37:26 Masonry
37:22 Siege Engineers
38:17 Chemistry
37:39 Ballistics
37:15 Murder Holes
37:16 Bodkin Arrow
38:18 Bracer
39:09 Banking
38:04 Champi Warrior
39:33 Elite Champi Warrior
53:30 Pikeman
54:07 Halberdier
marcoo_chiosi
9:56 Feudal Age
8:11 Loom
12:03 Wheelbarrow
11:14 Town Watch
11:13 Horse Collar
11:21 Double-Bit Axe
17:41 Castle Age
15:39 Stone Mining
17:00 Gold Mining
20:39 Bow Saw
21:10 Hand Cart
20:55 Town Patrol
20:58 Heavy Plow
28:30 Stone Shaft Mining
28:30 Gold Shaft Mining
33:55 Imperial Age
32:11 Light Cavalry
33:02 Bloodlines
33:51 Man-at-Arms
33:52 Pikeman
34:17 Arson
34:41 Scale Barding Armor
34:36 Scale Mail Armor
34:36 Padded Archer Armor
34:27 Fletching
34:48 Forging
35:13 Crop Rotation
36:06 Chain Barding Armor
36:29 Halberdier
36:29 Long Swordsman
37:28 Leather Archer Armor
37:28 Chain Mail Armor
37:08 Bodkin Arrow
38:16 Two-Handed Swordsman
39:40 Iron Casting
40:29 Hussar
41:11 Husbandry
40:31 Cavalier
41:51 Plate Barding Armor
41:48 Ring Archer Armor
42:23 Bracer
45:01 Blast Furnace
52:59 Hoardings
51:45 Elite Ballista Elephant
52:43 Masonry
52:25 Heated Shot
52:56 Ballistics
53:37 Chemistry
Boundless316
7:05 Feudal Age
8:32 Wheelbarrow
7:45 Double-Bit Axe
7:45 Horse Collar
14:48 Castle Age
15:54 Hand Cart
15:55 Bow Saw
15:56 Heavy Plow
18:44 Loom
28:16 Imperial Age
26:06 Caravan
26:33 Ballistics
27:16 Chemistry
26:38 Ballistics
27:02 Masonry
26:49 Fletching
27:15 Forging
27:17 Town Watch
28:41 Padded Archer Armor
28:42 Scale Mail Armor
29:09 Fortified Wall
29:23 Conscription
30:12 Two-Man Saw
29:20 Bodkin Arrow
30:04 Iron Casting
30:35 Bracer
30:52 Chain Mail Armor
31:22 Leather Archer Armor
31:35 Siege Engineers
32:05 Plate Mail Armor
31:00 Pikeman
32:14 Wagenburg Tactics
34:14 Ring Archer Armor
34:45 Blast Furnace
35:07 Coinage
34:48 Guilds
35:18 Architecture
35:11 Houfnice
36:43 Elite Skirmisher
36:52 Elite Hussite Wagon
38:24 Banking
38:15 Squires
38:01 Arson
37:42 Man-at-Arms
41:17 Scale Barding Armor
41:11 Murder Holes
40:43 Long Swordsman
42:18 Hussite Reforms
44:01 Two-Handed Swordsman
46:12 Champion
50:11 Chain Barding Armor
51:50 Halberdier
53:14 Capped Ram
mimisler43
8:07 Feudal Age
9:28 Wheelbarrow
8:43 Double-Bit Axe
8:40 Horse Collar
16:40 Castle Age
14:41 Gold Mining
18:29 Hand Cart
18:33 Heavy Plow
18:53 Bow Saw
22:31 Caravan
30:53 Imperial Age
danilo
1:39 Loom
3:47 Loom
9:10 Feudal Age
9:53 Horse Collar
10:03 Double-Bit Axe
15:39 Wheelbarrow
17:20 Castle Age
16:57 Bloodlines
16:42 Gold Mining
16:44 Stone Mining
19:21 Hand Cart
19:26 Husbandry
20:09 Stone Shaft Mining
21:42 Bow Saw
22:34 Heavy Plow
24:45 Scale Barding Armor
25:15 Forging
27:53 Murder Holes
29:40 Gold Shaft Mining
30:44 Town Watch
31:39 Town Patrol
35:16 Imperial Age
33:08 Chain Barding Armor
33:24 Iron Casting
33:15 Caravan
36:24 Conscription
39:20 Crop Rotation
39:53 Two-Man Saw
39:17 Guilds
39:54 Cavalier
42:24 Elite War Elephant
43:39 Masonry
43:48 Savar
45:28 Plate Barding Armor
47:19 Blast Furnace
51:35 Heavy Camel Rider
53:00 Hoardings
52:47 Citadels
60:34 Architecture
61:06 Chemistry
60:27 Ballistics
59:59 Guard Tower
60:00 Heated Shot
60:24 Clinker Construction
60:20 Siphons
59:51 Sappers
60:24 Kamandaran
715113342
0:57 Loom
8:11 Feudal Age
14:35 Castle Age
12:32 Double-Bit Axe
12:41 Gold Mining
12:50 Stone Mining
20:24 Bow Saw
20:53 Gold Shaft Mining
25:56 Imperial Age
25:28 Wheelbarrow
25:07 Town Watch
26:15 Scale Barding Armor
26:11 Scale Mail Armor
26:21 Forging
26:02 Fletching
26:13 Padded Archer Armor
26:32 Husbandry
27:06 Hand Cart
27:52 Pikeman
28:33 Squires
28:18 Arson
29:48 Halberdier
30:58 Chain Barding Armor
30:54 Chain Mail Armor
30:46 Cavalier
33:50 Chemistry
32:50 Elite Throwing Axeman
35:46 Paladin
Connection lost

Rejoining the realm…

Still unreachable

The connection could not be restored.

Session expired

The server has moved on; the page needs a fresh start.